 Dungeon Crawl Stone Soup version 0.30-a0-782-ge64f9170bb (webtiles) character file.

Game seed: 11783766651650923783

211 Grim the Slasher (level 5, 0/67 HPs)
             Began as a Minotaur Berserker on Mar 1, 2023.
             Was a Believer of Trog.
             Slain by Duvessa
             ... wielding a +2 rapier of venom
              (11 damage)
             ... on level 4 of the Dungeon.
             The game lasted 00:03:24 (2922 turns).

Grim the Slasher (Minotaur Berserker)               Turns: 2922, Time: 00:03:25

Health: 0/67       AC:  9    Str: 21    XL:     5   Next: 57%
Magic:  4/4        EV:  8    Int:  6    God:    Trog [**....]
Gold:   100        SH:  0    Dex: 10    Spells: 4/4 levels left

rFire   . . .      SeeInvis .    a - +0 falchion
rCold   . . .      Faith    .    (no shield)
rNeg    . . .      Spirit   .    m - +0 chain mail
rPois   .          Reflect  .    (helmet restricted)
rElec   .          Harm     .    (no cloak)
rCorr   .          Rampage  .    (no gloves)
Will    +++..                    i - +0 pair of boots Stlth
                                 (no amulet)
HPRegen 1.31/turn                l - ring of willpower
MPRegen 0.09/turn                (no ring)

@: berserking, lethally poisoned (0 -> -18), strong-willed, regenerating, very
quick
A: horns 2, retaliatory headbutt
a: Renounce Religion, Berserk, Trog's Hand


You were on level 4 of the Dungeon.
You worshipped Trog.
Trog was pleased with you.
You visited 1 branch of the dungeon, and saw 4 of its levels.

You collected 100 gold pieces.

Inventory:

Hand Weapons
 a - a +0 falchion (weapon)
Armour
 i - a +0 pair of boots (worn)
 m - a +0 chain mail (worn)
Jewellery
 e - a ring of ice
 l - a ring of willpower (left hand)
Wands
 h - a wand of flame (14)
Scrolls
 b - a scroll of brand weapon {unknown}
 c - a scroll of identify {unknown}
 d - a scroll of fog {unknown}
 j - a scroll of poison {unknown}
 n - a scroll of teleportation {unknown}
Potions
 f - 3 potions of curing {unknown}
 g - a potion of heal wounds {unknown}
 k - a potion of resistance {unknown}


   Skills:
 - Level 3.6 Fighting
 + Level 7.7 Long Blades
 - Level 2.4 Armour
 - Level 2.1 Dodging


You had 4 spell levels left.
You didn't know any spells.
Your spell library was empty.

Dungeon Overview and Level Annotations

Branches:
Dungeon (4/15)
 Temple: D:4-7

Altars:
Fedhas
Gozag
Trog
Uskayaw

Annotations:
D:4 Dowan, Duvessa, Sigmund


Innate Abilities, Weirdness & Mutations

You have a pair of horns on your head.
You reflexively headbutt those who attack you in melee.


Message History

You are more poisoned.
There is a stone staircase leading up here.
A red film seems to cover your vision as you go berserk!
You feel yourself moving faster!
You feel mighty!
You feel very sick.
Duvessa hits you with a +2 rapier of venom!
You are more poisoned.
You closely miss Duvessa.
You feel very sick.
You slash Duvessa!
Duvessa is moderately wounded.
You feel very sick.
Duvessa hits you with a +2 rapier of venom.
* * * LOW HITPOINT WARNING * * *
You are more poisoned.
You slash Duvessa!
Duvessa is heavily wounded.
You feel very sick. Duvessa hits you but does no damage.
You are more poisoned.
You hit Duvessa. Your headbutt misses Duvessa.
Duvessa is heavily wounded.
* * * LOW HITPOINT WARNING * * *
You feel very sick.
You closely miss Duvessa.
Duvessa is heavily wounded.
* * * LOW HITPOINT WARNING * * *
You feel very sick. Duvessa hits you but does no damage.
You are lethally poisoned!
You hit Duvessa but do no damage. Your headbutt misses Duvessa.
Duvessa is heavily wounded.
* * * LOW HITPOINT WARNING * * *
You feel extremely sick.
You hit Duvessa. You headbutt Duvessa.
Duvessa is severely wounded.
* * * LOW HITPOINT WARNING * * *
You feel very sick.
Duvessa hits you with a +2 rapier of venom!
You die...

_.........
..8.....
.$...e.
...8. ....
#.@ #.#
#.# #@#
#e# #.#
#.# #..
##. #


You could see Duvessa and Sigmund.

Vanquished Creatures
  A phantom (D:3)
  2 gnolls
  4 adders
  2 worms (D:2)
  2 dart slugs
  2 orcs (D:3)
  2 bats
  11 endoplasms
  A giant cockroach (D:1)
  2 goblins
  7 hobgoblins
  2 jackals (D:1)
  6 kobolds
  2 quokkas (D:3)
  8 ball pythons
  3 frilled lizards
  10 rats
67 creatures vanquished.

Notes
Turn   | Place    | Note
-------+----------+-------------------------------------------
     0 | D:1      | Grim the Minotaur Berserker began the quest for the Orb.
     0 | D:1      | Reached XP level 1. HP: 19/19 MP: 0/0
    60 | D:1      | Reached skill level 4 in Long Blades
   187 | D:1      | Reached XP level 2. HP: 25/26 MP: 1/1
   489 | D:1      | Reached skill level 5 in Long Blades
   652 | D:1      | Reached XP level 3. HP: 30/31 MP: 2/2
   872 | D:1      | Found an opulent altar of Gozag.
  1015 | D:2      | Reached ** piety under Trog
  1168 | D:2      | Reached skill level 6 in Long Blades
  1168 | D:2      | Reached XP level 4. HP: 38/39 MP: 3/3
  2172 | D:3      | Found a blossoming altar of Fedhas.
  2507 | D:3      | Found a bloodstained altar of Trog.
  2716 | D:4      | Noticed a phantom
  2721 | D:4      | Found a hide-covered altar of Uskayaw.
  2721 | D:4      | Noticed Duvessa
  2727 | D:4      | Noticed Sigmund
  2728 | D:4      | Noticed Dowan
  2742 | D:3      | Killed a phantom
  2743 | D:3      | Reached skill level 7 in Long Blades
  2743 | D:3      | Reached XP level 5. HP: 45/45 MP: 4/4
  2922 | D:4      | Slain by Duvessa

Illustrated notes

Levels and vault maps discovered:
D:1:      sevenhm_arrival_forest_fort_small_6, layout_basic, minivault_14
D:2:      layout_loops_ring, minmay_heptomino_w4
D:3:      layout_loops_ring, fedhas_ov_isle_minmay, trog_butcher_becter,
          chequers_serial_rivers_small_a, serial_bayou_pond_e,
          grunt_ministairs_13, minmay_misc_feat_x
D:4:      layout_loops_ring, nicolae_uskayaw_dance_hall,
          mainiacjoe_overflow_chevrons, mainiacjoe_overflow_alcove_4,
          uniq_duvessa, uniq_grinder, uniq_robin, uniq_sigmund

Skill      XL: |  1  2  3  4 |
---------------+-------------+-----
Long Blades    | 4 5 6 7 |  7.7
Fighting       | |  3.6
Armour         | |  2.4
Dodging        | |  2.1

Action                     |  1- 3 |  4- 6 || total
---------------------------+-------+-------++-------
  Melee: Falchion          |    69 |    98 ||   167
         Headbutt          |     8 |     7 ||    15
         Punch             |       |     1 ||     1
 Invoke: Berserk           |     2 |     2 ||     4
         Trog's Hand       |       |     1 ||     1
 Armour: Animal skin       |     5 |       ||     5
         Ring mail         |     5 |    13 ||    18
         Chain mail        |       |    31 ||    31
  Dodge: Dodged            |    46 |    30 ||    76

Table legend: (Time is in decaauts)
 A = Elapsed time spent in this place.
 B = Non-inter-level travel time spent in this place.
 C = Inter-level travel time spent in this place.
 D = Time resting spent in this place.
 E = Time spent auto-exploring this place.
 F = Levels seen in this place.
 G = Mean time per level.
                   A        B        C        D        E       F      G
               +--------+--------+--------+--------+--------+-----+--------+
         Total |   2956 |   2860 |     96 |    386 |   2050 |   4 |  739.0 |
       Dungeon |   2956 |   2860 |     96 |    386 |   2050 |   4 |  739.0 |
               +--------+--------+--------+--------+--------+-----+--------+

Top non-repeatable levels by time:
     D:1: 1006 daAuts
     D:3: 991 daAuts
     D:2: 938 daAuts
     D:4: 19 daAuts
